 Dungeon Crawl Stone Soup version 0.29.1-2-gbd0b4ee654 (webtiles) character file.

Game seed: 17534375973246887425

49 DildoBatman the Conjurer (level 4, -1/28 (30) HPs)
             Began as a Formicid Conjurer on Nov 21, 2022.
             Slain by a necrophage (2 damage)
             ... on level 4 of the Dungeon.
             The game lasted 00:02:45 (1070 turns).

DildoBatman the Conjurer (Formicid Conjurer)        Turns: 1070, Time: 00:02:45

HP:   -1/28 (30)    AC:  2    Str: 12    XL:     4   Next: 1%
MP:   7/7           EV: 12    Int: 19    God:
Gold: 144           SH:  0    Dex: 12    Spells: 4/7 levels left

rFire   . . .      SeeInvis +   a - +4 spear
rCold   . . .      Faith    .   (no shield)
rNeg    . . .      Spirit   .   d - +0 robe
rPois   .          Reflect  .   (helmet unavailable)
rElec   .          Harm     .   (no cloak)
rCorr   .          Rampage  .   (no gloves)
Will    .....                   (no boots)
Stlth   ++........              (no amulet)
HPRegen 0.09/turn               l - +4 ring of slaying
MPRegen 0.10/turn               (no ring)

@: drained
A: permanent stasis, dig shafts and tunnels, antennae 3, four strong arms
a: Dig, Shaft Self


You were on level 4 of the Dungeon.
You visited 1 branch of the dungeon, and saw 3 of its levels.

You collected 144 gold pieces.

Inventory:

Hand Weapons
 a - a +4 spear (weapon)
Missiles
 h - 10 stones
Armour
 d - a +0 robe (worn)
Magical Staves
 b - a staff of conjuration
Jewellery
 l - a +4 ring of slaying (left hand)
Scrolls
 f - a scroll of magic mapping {unknown}
 g - 2 scrolls of noise {unknown}
 i - 4 scrolls of identify {unknown}
 m - a scroll of amnesia {unknown}
 n - a scroll of summoning {unknown}
 o - a scroll of enchant armour {unknown}
Potions
 c - 2 potions of brilliance {unknown}
 e - a potion of flight {unknown}
 j - 2 potions of curing {unknown}
 k - 2 potions of haste {unknown}
 p - a potion of magic


   Skills:
 * Level 0.0 Fighting
 * Level 0.0 Armour
 * Level 1.8 Dodging
 - Level 2.4 Stealth
 * Level 2.2 Spellcasting
 * Level 4.8 Conjurations


You had 4 spell levels left.
You knew the following spells:

 Your Spells              Type           Power      Damage    Failure   Level
a - Searing Ray           Conj           40%        2d5       3%          2
c - Magic Dart            Conj           80%        1d7       2%          1

Your spell library contained the following spells:

 Spells                   Type           Power      Damage    Failure   Level
 Dazzling Flash           Conj/Hex       22%        N/A       19%         3
 Frozen Ramparts          Ice            4%         1d1       45%         3
 Fulminant Prism          Conj/Hex       5%         3d7       52%         4
 Iskenderun's Mystic Bla  Conj/Tloc      11%        2d4       52%         4
 Ice Form                 Ice/Tmut       2%         N/A       86%         4
 Petrify                  Tmut/Erth      2%         N/A       86%         4
 Summon Ice Beast         Ice/Summ       2%         N/A       86%         4
 Metabolic Englaciation   Hex/Ice        1%         N/A       99%         5
 Statue Form              Tmut/Erth      1%         N/A       100%        6


Dungeon Overview and Level Annotations

Branches:
Dungeon (2/15)

Altars:

Annotations:
D:1 exclusion: orange demon


Innate Abilities, Weirdness & Mutations

You cannot be hasted, slowed, berserked, paralysed or teleported.
You can dig through walls and to a lower floor.
You have a pair of large antennae on your head. (SInv)
Your four strong arms can wield two-handed weapons with a shield.


Message History

t - Shout!
Orders for allies: a - Attack new target. r - Retreat! s - Stop attacking. g - Guard the area. f - Follow me.
Anything else - Cancel.
You shout for attention!
The necrophage barely misses you. What are your orders? t - Shout!
Orders for allies: a - Attack new target. r - Retreat! s - Stop attacking. g - Guard the area. f - Follow me.
Anything else - Cancel.
You shout for attention!
The necrophage closely misses you. What are your orders? t - Shout!
Orders for allies: a - Attack new target. r - Retreat! s - Stop attacking. g - Guard the area. f - Follow me.
Anything else - Cancel.
You shout for attention!
The necrophage barely misses you. What are your orders? t - Shout!
Orders for allies: a - Attack new target. r - Retreat! s - Stop attacking. g - Guard the area. f - Follow me.
Anything else - Cancel.
You shout for attention!
The necrophage hits you. What are your orders? t - Shout!
Orders for allies: a - Attack new target. r - Retreat! s - Stop attacking. g - Guard the area. f - Follow me.
Anything else - Cancel.
You shout for attention!
The necrophage hits you.
You die...

#. #.......#
#.##.......##
#...........##
.#.......!....
.#..........##
#...........#
#...........##
#.....@.w.....
#......n..?...
#.....##......
#..... ......
....... .....
....... .....
#....## ....
##... ....


You could see a necrophage and a worm.

Vanquished Creatures
  A dart slug (D:1)
  4 bats
  5 endoplasms
  4 giant cockroaches
  3 goblins (D:1)
  4 hobgoblins
  5 jackals
  A quokka (D:2)
  6 ball pythons
  2 kobolds (D:1)
  6 rats
41 creatures vanquished.

Notes
Turn   | Place    | Note
-------+----------+-------------------------------------------
     0 | D:1      | DildoBatman the Formicid Conjurer began the quest for the
                  | Orb.
     0 | D:1      | Reached XP level 1. HP: 13/13 MP: 3/3
    88 | D:1      | Found a faded altar of an unknown god.
    88 | D:1      | Noticed an orange demon
   144 | D:1      | Reached XP level 2. HP: 19/19 MP: 3/5
   151 | D:1      | Learned a level 2 spell: Searing Ray
   153 | D:1      | Reached skill level 4 in Conjurations
   367 | D:1      | Reached XP level 3. HP: 24/24 MP: 6/6
  1051 | D:2      | Reached XP level 4. HP: 29/30 MP: 5/7
  1053 | D:2      | You fall into a shaft and drop 2 floors!
  1055 | D:4      | Noticed a necrophage
  1069 | D:4      | HP: 1/28 [necrophage (4)]
  1070 | D:4      | Slain by a necrophage

Illustrated notes

Levels and vault maps discovered:
D:1:      lightli_arrival_lavapool, layout_basic,
          dreamdust_ecumenical_altar_sealed_demon
D:2:      layout_basic
D:4:      layout_cave_pools, serial_shops, nicolae_inconvenience_store

Skill      XL: |  1  2 |
---------------+-------+-----
Conjurations   | 4 |  4.8
Dodging        | |  1.8
Stealth        | |  2.4
Spellcasting   | |  2.2

Action                   |  1- 3 |  4- 6 || total
-------------------------+-------+-------++-------
Melee: Spear             |    66 |       ||    66
 Cast: Magic Dart        |    13 |       ||    13
       Searing Ray       |     4 |       ||     4
 Abil: Shaft Self        |       |     1 ||     1
 Stab: Sleeping          |     4 |       ||     4
Armor: Robe              |     9 |       ||     9
Dodge: Dodged            |    49 |     3 ||    52
